 Dungeon Crawl Stone Soup version 0.29-a0-582-ge82337ba6a (webtiles) character file.

Game seed: 12592145987403619518

45 DocClef the Sneak (level 3, -1/30 HPs)
             Began as a Draconian Wanderer on June 14, 2022.
             Slain by an adder (3 damage)
             ... on level 2 of the Dungeon.
             The game lasted 00:01:43 (1438 turns).

DocClef the Sneak (Draconian Wanderer)              Turns: 1438, Time: 00:01:45

Health: -1/30      AC:  5    Str:  9 (12) XL:     3   Next: 42%
Magic:  5/5        EV: 11    Int: 12 (14) God:
Gold:   70         SH:  0    Dex: 11 (12) Spells: 4/5 levels left

rFire   . . .      SeeInvis .   a - +2 dagger
rCold   . . .      Faith    .   (no shield)
rNeg    . . .      Spirit   .   (body armour unavailable)
rPois   .          Reflect  .   (helmet restricted)
rElec   .          Harm     .   (no cloak)
rCorr   .          Rampage  .   (no gloves)
Will    .....                   (no boots)
Stlth   +++.......              (no amulet)
HPRegen 0.10/turn               (no ring)
MPRegen 0.09/turn               (no ring)

@: lethally poisoned (-1 -> -15), invisible
A: AC +5, unfitting armour, cold-blooded
a: no special abilities


You were on level 2 of the Dungeon.
You visited 1 branch of the dungeon, and saw 2 of its levels.

You collected 70 gold pieces.

Inventory:

Hand Weapons
 a - a +2 dagger (weapon)
Scrolls
 b - a scroll of fear
 c - 2 scrolls of fog
 d - 2 scrolls of identify {unknown}
 e - a scroll of immolation {unknown}
 h - a scroll of noise {unknown}
 i - a scroll of poison {unknown}
 j - a scroll of teleportation {unknown}


   Skills:
 + Level 2.6 Fighting
 + Level 4.7 Stealth
 + Level 1.5 Spellcasting
 + Level 1.7 Poison Magic
 + Level 1.6 Evocations


You had 4 spell levels left.
You knew the following spells:

 Your Spells              Type           Power      Damage    Failure   Level
a - Sting                 Tmut/Pois      12%        1d3       21%         1

Your spell library contained the following spells:

 Spells                   Type           Power      Damage    Failure   Level
 Ignite Poison            Fire/Tmut/Pois 2%         N/A       56%         3


Dungeon Overview and Level Annotations

Branches:
Dungeon (2/15)

Altars:


Innate Abilities, Weirdness & Mutations

Your plain brown scales are hard. (AC +5)
You cannot fit into any form of body armour.
You are cold-blooded and may be slowed by cold attacks.


Message History

You are too injured to fight recklessly!
You are too injured to fight recklessly!
You are too injured to fight recklessly!
You are too injured to fight recklessly!
You are too injured to fight recklessly!
You are too injured to fight recklessly!
You are too injured to fight recklessly!
You hit the adder.
The adder is lightly wounded.
The adder barely misses you.
You hit the adder but do no damage.
The adder is lightly wounded.
The adder bites you.
You are poisoned.
The adder poisons you!
You closely miss the adder.
The adder is lightly wounded.
You feel sick. The adder bites you.
You are more poisoned.
The adder poisons you! The adder bites you.
You are more poisoned.
The adder poisons you!
It was a potion of cancellation.
You feel magically purged.
* * * LOW HITPOINT WARNING * * *
You feel very sick. The adder bites you but does no damage.
It was a potion of degeneration.
There was something very wrong with that liquid.
You feel weakened.
You feel dopey.
You feel clumsy.
* * * LOW HITPOINT WARNING * * *
You feel very sick. The adder barely misses you.
It was a potion of invisibility.
You fade into invisibility!
* * * LOW HITPOINT WARNING * * *
You feel sick. The adder bites you.
* * * LOW HITPOINT WARNING * * *
You are more poisoned.
The adder poisons you! The adder bites you.
You die...

#.....# #.....#
#.....## . #......
..## ..... ...# ...
...#S#
#.#@#########.######
#...#...............
###......# .######
#...##.# .# #
#.#.##.# #.# #
#.#....###..# ##
#.####..#..######.
#.# ##...###.....
#.# ##......##..


You could see an adder (can't see you).

Vanquished Creatures
  A dart slug (D:1)
  A worm (D:2)
  4 ball pythons
  2 bats (D:1)
  3 endoplasms
  3 giant cockroaches
  A goblin (D:1)
  6 hobgoblins
  4 kobolds
  3 quokkas (D:1)
  4 frilled lizards
  6 rats
38 creatures vanquished.

Notes
Turn   | Place    | Note
-------+----------+-------------------------------------------
     0 | D:1      | DocClef the Draconian Wanderer began the quest for the Orb.
     0 | D:1      | DocClef set off with the following items: a +2 dagger, a
                  | scroll of fear, 2 scrolls of fog; and the following spell
                  | memorised: Sting; and the following spells available to
                  | memorise: Ignite Poison
     0 | D:1      | Reached XP level 1. HP: 17/17 MP: 2/2
   211 | D:1      | Reached XP level 2. HP: 25/25 MP: 3/3
   882 | D:1      | Reached XP level 3. HP: 30/30 MP: 5/5
  1438 | D:2      | Slain by an adder

Illustrated notes

Levels and vault maps discovered:
D:1:      dpeg_arrival_more_subterranean_lakeside_camping, layout_rooms,
          kennysheep_decorative_pillar
D:2:      layout_rooms, uniq_robin

Action                   || total
-------------------------++-------
Melee: Dagger            ||   114
       Tailslap          ||     9
       Punch             ||     1
  Use: Potion            ||     3
 Stab: Sleeping          ||     8
       Distracted        ||     1
Armor: Skin              ||    27
Dodge: Dodged            ||    50

Table legend: (Time is in decaauts)
 A = Elapsed time spent in this place.
 B = Non-inter-level travel time spent in this place.
 C = Inter-level travel time spent in this place.
 D = Time resting spent in this place.
 E = Time spent auto-exploring this place.
 F = Levels seen in this place.
 G = Mean time per level.
                   A        B        C        D        E       F      G
               +--------+--------+--------+--------+--------+-----+--------+
         Total |   1438 |   1412 |     26 |      0 |   1129 |   2 |  719.0 |
       Dungeon |   1438 |   1412 |     26 |      0 |   1129 |   2 |  719.0 |
               +--------+--------+--------+--------+--------+-----+--------+

Top non-repeatable levels by time:
     D:1: 1189 daAuts
     D:2: 249 daAuts
